 Dungeon Crawl Stone Soup version 0.24-a0-784-g601f8f6d22 (webtiles) character file.

Game seed: 1160980955435034212, levelgen mode: deterministic

11788 Johnny the Geomancer (level 11, 0/92 HPs)
             Began as a Demigod Earth Elementalist on Oct 9, 2019.
             Slain by a harpy (19 damage)
             ... summoned by Kirke
             ... on level 12 of the Dungeon.
             The game lasted 00:18:51 (12962 turns).

Johnny the Geomancer (Demigod Earth Elementalist)  Turns: 12962, Time: 00:18:52

Health: 0/92       AC:  0    Str: 11    XL:     11   Next: 29%
Magic:  3/26       EV: 20    Int: 25    God:
Gold:   797        SH:  0    Dex: 16    Spells: 11/24 levels left

rFire    . . .     SeeInvis .   (weapon currently unavailable)
rCold    . . .     Gourm    .   (shield currently unavailable)
rNeg     . . .     Faith    .   (armour currently unavailable)
rPois    .         Spirit   .   (helmet currently unavailable)
rElec    .         Reflect  .   (cloak currently unavailable)
rCorr    .         Harm     .   (gloves currently unavailable)
MR       +....                  (boots currently unavailable)
Stlth    ++........             (no amulet)
HPRegen  0.25/turn              (ring currently unavailable)
MPRegen  0.20/turn              (ring currently unavailable)

@: about to teleport, pig-form, very quick
A: small, high mp 1
a: no special abilities


You were on level 12 of the Dungeon.
You were not hungry.
You were a filthy swine.
You visited 1 branch of the dungeon, and saw 12 of its levels.

You collected 797 gold pieces.

Inventory:

Hand Weapons
 p - a cursed -3 dagger
 u - a +2 dagger of venom (melded)
 y - a +4 quarterstaff of chaos
Missiles
 b - 116 stones (quivered)
Armour
 q - a +0 helmet (melded)
 A - a +1 cloak of invisibility (melded)
 B - the +0 plate armour of Gehenna {rPois Regen+ rCorr Dex+4}
   (You found it on level 8 of the Dungeon)

   It affects your dexterity (+4).
   It protects you from poison.
   It increases your rate of regeneration.
   It provides partial protection from all sources of acid and corrosion.
 G - a +0 pair of gloves (melded)
 I - the +7 chain mail "Pamo" {rPois rC+ MR+ Int+3}
   (You found it on level 11 of the Dungeon)

   It affects your intelligence (+3).
   It protects you from cold.
   It protects you from poison.
   It affects your resistance to hostile enchantments.
 J - a +3 troll leather armour (melded)
Jewellery
 g - a ring of see invisible (melded)
Wands
 j - a wand of flame (23)
 m - a wand of iceblast (19)
 v - a wand of scattershot (6)
Scrolls
 a - 9 scrolls of teleportation
 n - a scroll of immolation
 o - 3 scrolls of fog
 r - a scroll of magic mapping
 t - 5 scrolls of remove curse
 E - a scroll of blinking {unknown}
 F - a scroll of noise
 H - a scroll of random uselessness {unknown}
Potions
 e - a potion of mutation {unknown}
 f - 2 potions of magic {unknown}
 i - 2 potions of heal wounds {unknown}
 k - 2 potions of berserk rage
 l - 3 potions of might
 s - 3 potions of flight {unknown}
 w - a potion of degeneration {unknown}
 x - a potion of lignification {unknown}
 z - a potion of ambrosia {unknown}
 C - 6 potions of curing
 D - 2 potions of brilliance {unknown}
 L - a potion of cancellation {unknown}
Comestibles
 d - 23 rations


   Skills:
 + Level 7.5 Fighting
 + Level 7.9 Dodging
 - Level 1.7 Stealth
 + Level 7.2 Spellcasting
 - Level 0.8 Transmutations
 * Level 11.0 Earth Magic


You had 11 spell levels left.
You knew the following spells:

 Your Spells              Type           Power        Failure   Level  Hunger
a - Sandblast             Erth           ######       1%          1    None
b - Stone Arrow           Conj/Erth      #####.       1%          3    None
c - Lee's Rapid Deconstr  Erth           ######....   1%          5    #####..
d - Petrify               Tmut/Erth      #####...     5%          4    ###....

Your spell library contained the following spells:

 Spells                   Type           Power        Failure   Level  Hunger
 Passwall                 Tmut/Erth      #####...     1%          2    None
 Animate Skeleton         Necr           N/A          7%          1    None
 Flame Tongue             Conj/Fire      #....        7%          1    None
 Pain                     Necr           #...         7%          1    None
 Throw Flame              Conj/Fire      #.....       10%         2    None
 Conjure Flame            Conj/Fire      #.......     21%         3    None
 Inner Flame              Hex/Fire       #.......     21%         3    None
 Regeneration             Chrm/Necr      #.........   21%         3    None
 Vampiric Draining        Necr           #.........   21%         3    None
 Animate Dead             Necr           N/A          54%         4    ###....
 Sticky Flame             Conj/Fire      #.......     54%         4    ###....
 Fireball                 Conj/Fire      #.........   88%         5    #####..


Dungeon Overview and Level Annotations

Branches:
Dungeon (12/15)            Temple (0/1) D:4            Lair (0/6) D:10
    Orc (0/2) D:11

Annotations:
D:12 Kirke


Innate Abilities, Weirdness & Mutations

You have an increased reservoir of magic. (+10% MP)


Message History

The harpy claws you. The harpy closely misses you.
Kirke points at you and mumbles some strange words.
You turn into a filthy swine.
Your +2 dagger of venom melds into your body.
Your +1 cloak of invisibility melds into your body.
Your +0 helmet melds into your body.
Your +0 pair of gloves melds into your body.
Your +3 troll leather armour melds into your body.
Your ring of see invisible melds into your body.
Your +2 dagger of venom stops dripping with poison.
The lindwurm breathes flames at you. The blast of flame hits you!!!
* * * LOW HITPOINT WARNING * * *
Unknown command.
Unknown command.
Unknown command.
Okay, then.
As you read the scroll of teleportation, it crumbles to dust.
You feel strangely unstable. The harpy claws you!!
You die...

..........#
..........#
..........#
...@.h....#
.....hh<..#
..[...hho.#
###+###.###
#kH##h####
#h{Hh...#
####y##+#
.... ....>.
.......#
.......#
....$...#
.....#


You could see a lindwurm, 2 harpies, 2 hogs and a killer bee.

Vanquished Creatures
  An ugly thing (D:11)
  Psyche (D:8)
  5 orange demons (D:11)
  A gargoyle (D:10)
  Joseph (D:8)
  3 red devils (D:11)
  A troll (D:10)
  Prince Ribbit (D:5)
  Grinder (D:6)
  2 hippogriffs
  A meliai zombie (D:12)
  Sigmund (D:6)
  A wyvern (D:10)
  A wraith (D:9)
  3 hogs (D:12)
  Grum (D:8)
  2 hungry ghosts
  Duvessa (D:6)
  A water moccasin (D:6)
  4 orc warriors
  An eye of draining (D:11)
  A black bear (D:6)
  3 sky beasts
  3 ice beasts
  3 ogres
  4 phantoms
  5 wolves
  5 centaurs
  Blork the orc (D:6)
  A big kobold (D:11)
  5 bullfrogs
  Dowan (D:6)
  A wyvern skeleton (D:8)
  3 scorpions
  A water moccasin skeleton (D:4)
  2 killer bees (D:12)
  6 howler monkeys
  3 wights (D:7)
  2 crimson imps
  6 jellies
  A quasit (D:11)
  Crazy Yiuf (D:4)
  5 hounds
  15 orc priests
  Natasha (thrice) (D:2)
  2 iguanas (D:5)
  15 orc wizards
  6 worker ants
  A hound zombie (D:10)
  A worker ant zombie (D:6)
  Robin (D:2)
  16 adders
  4 shadow imps
  8 oozes
  An adder zombie (D:6)
  4 adder skeletons
  4 worms (D:2)
  A dart slug (D:2)
  7 leopard geckos
  50 orcs
  15 bats
  3 giant cockroaches
  15 goblins
  9 hobgoblins
  12 jackals
  16 kobolds
  A quokka (D:12)
  4 frilled lizards
  A quokka skeleton (D:8)
  A quokka zombie (D:7)
  3 rats
316 creatures vanquished.

Notes
Turn   | Place    | Note
-------+----------+-------------------------------------------
     0 | D:1      | Johnny the Demigod Earth Elementalist began the quest for
                  | the Orb.
     0 | D:1      | Reached XP level 1. HP: 14/14 MP: 5/5
   102 | D:1      | Reached skill level 3 in Earth Magic
   102 | D:1      | Reached XP level 2. HP: 5/22 MP: 0/7
  1037 | D:2      | Reached XP level 3. HP: 24/27 MP: 4/8
  1048 | D:2      | Reached skill level 1 in Fighting
  1072 | D:2      | Noticed Natasha
  1081 | D:2      | Killed Natasha
  1109 | D:2      | Noticed Natasha
  1307 | D:2      | Reached XP level 4. HP: 35/35 MP: 7/10
  1410 | D:2      | Killed Natasha
  1640 | D:2      | Noticed Natasha
  1655 | D:2      | Killed Natasha
  1655 | D:2      | Reached skill level 4 in Earth Magic
  1714 | D:2      | Noticed Robin
  2041 | D:2      | Reached XP level 5. HP: 41/41 MP: 8/11
  2295 | D:2      | Killed Robin
  3247 | D:4      | Noticed a phantom
  3262 | D:4      | Found a staircase to the Ecumenical Temple.
  3274 | D:4      | Killed a phantom
  3274 | D:4      | Reached XP level 6. HP: 45/49 MP: 8/13
  3737 | D:4      | Reached skill level 5 in Earth Magic
  3767 | D:4      | Reached XP level 7. HP: 34/57 MP: 8/15
  4079 | D:4      | Found a runed translucent door.
  4080 | D:4      | Noticed Crazy Yiuf
  4135 | D:4      | Killed Crazy Yiuf
  4241 | D:5      | Entered Level 5 of the Dungeon
  4653 | D:5      | Learned a level 3 spell: Stone Arrow
  4659 | D:5      | Learned a level 5 spell: Lee's Rapid Deconstruction
  4664 | D:5      | Learned a level 4 spell: Petrify
  4665 | D:5      | Noticed Prince Ribbit
  4675 | D:5      | Killed Prince Ribbit
  4675 | D:5      | Reached skill level 6 in Earth Magic
  4846 | D:5      | Reached XP level 8. HP: 44/66 MP: 17/17
  5091 | D:5      | Found a sparkling altar of Nemelex Xobeh.
  5171 | D:5      | Found an iron altar of Okawaru.
  5717 | D:6      | Noticed Grinder
  5729 | D:6      | Killed Grinder
  5729 | D:6      | Reached skill level 7 in Earth Magic
  5970 | D:6      | Reached skill level 5 in Dodging
  6327 | D:6      | Noticed Blork the orc
  6337 | D:6      | Killed Blork the orc
  6581 | D:6      | Reached XP level 9. HP: 60/73 MP: 4/19
  6583 | D:6      | Reached skill level 5 in Spellcasting
  6593 | D:6      | Reached skill level 5 in Fighting
  6604 | D:6      | Noticed Duvessa
  6692 | D:6      | Noticed Dowan
  6741 | D:6      | Killed Duvessa
  6741 | D:6      | Killed Dowan
  6741 | D:6      | Reached skill level 8 in Earth Magic
  6932 | D:6      | Noticed Sigmund
  6943 | D:6      | Killed Sigmund
  7734 | D:7      | Found a hide-covered altar of Uskayaw.
  7734 | D:7      | Found an opulent altar of Gozag.
  7735 | D:7      | Found a sacrificial altar of Ru.
  8283 | D:7      | Got a translucent dagger
  8284 | D:7      | Identified the cursed +3 dagger of Truncation {holy, -Tele
                  | rC+ Dex+4 SInv} (You found it on level 7 of the Dungeon)
  8452 | D:7      | Found a burning altar of Makhleb.
  8537 | D:8      | Reached skill level 9 in Earth Magic
  8773 | D:8      | Noticed Grum
  8784 | D:8      | Killed Grum
  8802 | D:8      | Reached XP level 10. HP: 45/83 MP: 4/22
  9051 | D:8      | Noticed Psyche
  9053 | D:8      | Killed Psyche
  9665 | D:8      | Got a scorched plate armour
  9870 | D:8      | Noticed Joseph
  9875 | D:8      | Killed Joseph
 10826 | D:10     | Entered Level 10 of the Dungeon
 10833 | D:10     | Reached skill level 10 in Earth Magic
 10947 | D:10     | Found a staircase to the Lair.
 11741 | D:11     | Noticed a brown ugly thing
 11753 | D:11     | Killed a brown ugly thing
 11895 | D:11     | Found a staircase to the Orcish Mines.
 11954 | D:11     | Got a jewelled chain mail
 12184 | D:11     | Reached XP level 11. HP: 92/92 MP: 14/25
 12645 | D:11     | Identified the +7 chain mail "Pamo" {rPois rC+ MR+ Int+3}
                  | (You found it on level 11 of the Dungeon)
 12666 | D:11     | Identified the +0 plate armour of Gehenna {rPois Regen+
                  | rCorr Dex+4} (You found it on level 8 of the Dungeon)
 12940 | D:12     | Noticed Kirke
 12951 | D:12     | Reached skill level 11 in Earth Magic
 12956 | D:12     | Noticed a harpy
 12956 | D:12     | Noticed a harpy
 12961 | D:12     | Noticed a lindwurm
 12962 | D:12     | Slain by a harpy

Levels and vault maps discovered:
D:1:      lightli_arrival_boilingwater, layout_basic
D:2:      layout_basic, uniq_robin, uniq_natasha
D:3:      layout_basic
D:4:      layout_basic, minmay_temple_entry_butterflies, uniq_crazy_yiuf_cottage
D:5:      layout_cave_pods, lemuel_doored_altar,
          nemelex_xobeh_ov_fountains_minmay, first_ration, uniq_prince_ribbit1
D:6:      layout_basic, uniq_blork_the_orc, uniq_grinder, uniq_sigmund,
          uniq_duvessa
D:7:      layout_basic, gammafunk_temple_overflow_claw, basic_altar
D:8:      layout_basic, hangedman_little_slice_of_home, uniq_psyche,
          uniq_joseph, uniq_grum
D:9:      layout_rooms
D:10:     layout_big_octagon, lair_entry_dummy
D:11:     layout_small_grid, orc_0_dummy, minmay_beelzebubs_servants
D:12:     layout_roguey, kennysheep_generic_room_8, uniq_kirke, uniq_nergalle

Skill      XL: |  1  2  3  4  5  6  7  8  9 10 11 |
---------------+----------------------------------+-----
Dodging        | 2 3 4 5 6 7 |  7.9
Earth Magic    | 3 4 5 6 7 9 10 11 | 11.0
Spellcasting   | 2 3 4 5 6 7 |  7.2
Fighting       | 1 2 3 4 6 7 |  7.5
Stealth        | |  1.7
Transmutations | |  0.8

Action                   |  1- 3 |  4- 6 |  7- 9 | 10-12 || total
-------------------------+-------+-------+-------+-------++-------
Melee: Dagger            |    14 |    62 |   305 |   198 ||   579
       Short sword       |    21 |    50 |       |       ||    71
 Cast: Sandblast         |    32 |    61 |    69 |    87 ||   249
       Lee's Rapid Decon |       |       |    20 |    34 ||    54
       Stone Arrow       |       |       |     2 |     6 ||     8
Evoke: Wand              |       |       |     8 |    15 ||    23
  Use: Scroll            |       |       |     7 |    10 ||    17
       Potion            |       |       |       |     1 ||     1
 Stab: Sleeping          |     4 |     5 |     2 |     2 ||    13
       Distracted        |       |       |     1 |     1 ||     2
  Eat: Chunk             |     1 |     8 |    22 |    17 ||    48
       Ration            |       |       |       |     2 ||     2
Armor: Robe              |    10 |    22 |    49 |    31 ||   112
       Troll leather arm |       |       |       |    47 ||    47
Dodge: Dodged            |    47 |   107 |   268 |   238 ||   660

Table legend:
 A = Non-vault XP
 B = Vault XP
 C = Vault XP percentage of total XP
 D = Non-vault monster count
 E = Vault monster count
 F = Vault count percentage of total count
                 A         B        C        D         E       F
            +---------+---------+-------+---------+---------+-------
      Total |   10264 |    6577 |  39.1 |     269 |      47 |  14.9
            +---------+---------+-------+---------+---------+-------
        D:1 |      40 |       0 |   0.0 |      19 |       0 |   0.0
        D:2 |     150 |      74 |  33.0 |      27 |      14 |  34.1
        D:3 |     132 |       0 |   0.0 |      25 |       0 |   0.0
        D:4 |     615 |      44 |   6.7 |      19 |       1 |   5.0
        D:5 |     711 |     283 |  28.5 |      17 |       1 |   5.6
        D:6 |    1399 |     827 |  37.2 |      41 |       5 |  10.9
        D:7 |    1186 |       0 |   0.0 |      32 |       0 |   0.0
        D:8 |    1018 |    1661 |  62.0 |      24 |      15 |  38.5
        D:9 |    1081 |       0 |   0.0 |      19 |       0 |   0.0
       D:10 |    1991 |       0 |   0.0 |      24 |       0 |   0.0
       D:11 |    1557 |    3096 |  66.5 |      17 |       8 |  32.0
       D:12 |     384 |     592 |  60.7 |       5 |       3 |  37.5
            +---------+---------+-------+---------+---------+-------
